 Dungeon Crawl Stone Soup version 0.30-a0-304-gdc4b735fe1 (webtiles) character file.

Game seed: 17831045060791763546

22 Morbidden the Shield-Bearer (level 2, -1/29 HPs)
             Began as a Gnoll Fighter on Oct 20, 2022.
             Slain by a gnoll
             ... wielding a +0 halberd
              (13 damage)
             ... on level 2 of the Dungeon.
             The game lasted 00:00:47 (973 turns).

Morbidden the Shield-Bearer (Gnoll Fighter)          Turns: 973, Time: 00:00:48

Health: -1/29      AC:  7    Str: 15    XL:     2   Next: 91%
Magic:  2/2        EV:  9    Int:  7    God:
Gold:   58         SH:  5    Dex: 11    Spells: 2/2 levels left

rFire   . . .      SeeInvis .    a - +0 war axe
rCold   . . .      Faith    .    c - +0 buckler
rNeg    . . .      Spirit   .    h - +0 scale mail
rPois   .          Reflect  .    (no helmet)
rElec   .          Harm     .    (no cloak)
rCorr   .          Rampage  .    (no gloves)
Will    .....                    (no boots)
Stlth   ..........               (no amulet)
HPRegen 0.24/turn                (no ring)
MPRegen 0.08/turn                (no ring)

@: no status effects
A: fangs 1, strong nose, distributed training
a: no special abilities


You were on level 2 of the Dungeon.
You visited 1 branch of the dungeon, and saw 2 of its levels.

You collected 58 gold pieces.

Inventory:

Hand Weapons
 a - a +0 war axe (weapon)
 b - a +1 mace of draining
Armour
 c - a +0 buckler (worn)
 h - a +0 scale mail (worn)
Scrolls
 g - a scroll of identify {unknown}
 i - a scroll of blinking {unknown}
Potions
 d - a potion of might
 e - a potion of berserk rage {unknown}
 f - 2 potions of curing {unknown}


   Skills:
 + Level 6.5 Fighting
 + Level 0.5 Short Blades
 + Level 0.5 Long Blades
 + Level 4.5 Axes
 + Level 0.5 Maces & Flails
 + Level 0.5 Polearms
 + Level 0.5 Staves
 + Level 0.5 Ranged Weapons
 + Level 0.5 Throwing
 + Level 6.5 Armour
 + Level 0.5 Dodging
 + Level 0.5 Stealth
 + Level 6.5 Shields
 + Level 0.5 Unarmed Combat
 + Level 0.5 Spellcasting
 + Level 0.4 Conjurations
 + Level 0.4 Hexes
 + Level 0.4 Summonings
 + Level 0.4 Necromancy
 + Level 0.4 Translocations
 + Level 0.4 Transmutations
 + Level 0.4 Fire Magic
 + Level 0.4 Ice Magic
 + Level 0.4 Air Magic
 + Level 0.4 Earth Magic
 + Level 0.4 Poison Magic
 + Level 0.7 Invocations
 + Level 0.5 Evocations


You had 2 spell levels left.
You didn't know any spells.
Your spell library was empty.

Dungeon Overview and Level Annotations

Branches:
Dungeon (2/15)

Altars:


Innate Abilities, Weirdness & Mutations

You have very sharp teeth.
Your uncanny sense of smell can sniff out nearby items.
Your experience applies equally to all skills.


Message History

A jackal is nearby!
You slash the jackal!
You kill the jackal!
No target in view!
No target in view!
You see here an orb of wrath.
Found a leather armour.
Found a scroll labelled UZASHR RAFFOPU.
i - a scroll labelled UZASHR RAFFOPU Unknown command.
Found a stone staircase leading down.
A gnoll comes into view. It is wielding a +0 halberd.
Found 9 gold pieces.
The gnoll shouts!
A gnoll is nearby!
A gnoll is nearby!
A gnoll is nearby!
A gnoll comes into view. It is wielding a +0 flail.
A gnoll comes into view. It is wielding a +0 spear.
A gnoll comes into view. It is wielding a +0 club.
The gnoll shouts! x2
The gnoll hits you with a +0 halberd!
You slash the gnoll!
The gnoll is severely wounded.
The gnoll hits you with a +0 halberd! The gnoll hits you with a +0 halberd.
Unknown command.
You are too injured to fight recklessly!
You are too injured to fight recklessly!
Unknown command.
You are too injured to fight recklessly!
Unknown command.
Unknown command.
The gnoll attacks as you move away! The gnoll hits you but does no damage.
The gnoll barely misses you.
Unknown command.
The gnoll attacks as you move away! You block the gnoll's attack.
Unknown command.
You hit the gnoll but do no damage. You bite the gnoll, but do no damage.
The gnoll hits you from afar with a +0 halberd!
You die...

#########
........#
......g>####
......ggg@.#
...$....##.#
........##.#
........##.####
###.######....# #
#..
####.############
#..
#............. #.
##############
####.......


You could see 4 gnolls.

Vanquished Creatures
  A dart slug (D:1)
  A ball python (D:1)
  3 bats (D:1)
  An endoplasm (D:2)
  3 giant cockroaches (D:1)
  A goblin (D:2)
  2 hobgoblins
  A jackal (D:2)
  A kobold (D:1)
  A frilled lizard (D:2)
  A rat (D:2)
16 creatures vanquished.

Notes
Turn   | Place    | Note
-------+----------+-------------------------------------------
     0 | D:1      | Morbidden the Gnoll Fighter began the quest for the Orb.
     0 | D:1      | Reached XP level 1. HP: 23/23 MP: 1/1
   158 | D:1      | Reached XP level 2. HP: 29/29 MP: 2/2
   398 | D:1      | Found a faded altar of an unknown god.
   973 | D:2      | Slain by a gnoll

Illustrated notes

Levels and vault maps discovered:
D:1:      minmay_arrival_stair_chambers, layout_loops_corners,
          chequers_ecumenical_altar_island
D:2:      layout_rooms, basic_altar

Action                   || total
-------------------------++-------
Melee: War axe           ||    32
       Bite              ||     2
Armor: Scale mail        ||    13
Dodge: Dodged            ||    18
Block: Buckler           ||    11

Table legend: (Time is in decaauts)
 A = Elapsed time spent in this place.
 B = Non-inter-level travel time spent in this place.
 C = Inter-level travel time spent in this place.
 D = Time resting spent in this place.
 E = Time spent auto-exploring this place.
 F = Levels seen in this place.
 G = Mean time per level.
                   A        B        C        D        E       F      G
               +--------+--------+--------+--------+--------+-----+--------+
         Total |    989 |    914 |     75 |     42 |    730 |   2 |  494.5 |
       Dungeon |    989 |    914 |     75 |     42 |    730 |   2 |  494.5 |
               +--------+--------+--------+--------+--------+-----+--------+

Top non-repeatable levels by time:
     D:1: 841 daAuts
     D:2: 148 daAuts
